[Event "45th FIDE Olympiad 2024"]
[Site "Budapest"]
[Date "2024.09.15"]
[Round "5.15"]
[White "Le, Tuan Minh"]
[Black "Bartel, Mateusz"]
[Result "1-0"]
[ECO "E51"]
[WhiteElo "2564"]
[BlackElo "2618"]
[Annotator "TA"]
[PlyCount "75"]
[EventDate "2024.09.05"]
[EventType "team-tourn"]
[EventCountry "HUN"]
[SourceTitle "playchess.com"]
[Source "ChessBase"]
[SourceQuality "1"]
[WhiteTeam "Vietnam"]
[BlackTeam "Poland"]
[WhiteTeamCountry "VIE"]
[BlackTeamCountry "POL"]
[TimeControl "40/5400+30:1800+30"]

1. d4 Nf6 2. c4 e6 3. Nc3 Bb4 4. e3 d5 5. Nf3 O-O 6. Bd2 b6 7. cxd5 exd5 8. Bd3 Re8 9. Ne5 Bd6 10. f4 {[%emt 0:01:32] The position is equal.} Ba6 11. Bxa6 Nxa6 12. O-O c5 13. Be1 cxd4 (13... Be7 $11) 14. exd4 $16 Nc7 15. Bh4 Be7 16. Qb3 {[%emt 0:08:44] White is much more active.} Qd6 17. a3 b5 18. Rf3 Qb6 19. Kh1 Rad8 20. Rd1 Nd7 21. Bf2 (21. Nxd5 $2 {loses.} Nxd5 22. Nxf7 Kxf7 $19) 21... Nf6 22. h3 a6 23. f5 Bd6 24. Re1 Rb8 25. Qd1 b4 26. axb4 Bxb4 27. Bh4 Rbc8 {[%emt 0:03:04] [#]} 28. Rfe3 (28. Rg3 $1 $16) 28... Bxc3 ({Better is} 28... Red8 $1 $14) 29. bxc3 Qd6 (29... a5 $16 {was necessary.}) 30. Bxf6 $18 Qxf6 {[%emt 0:00:05] [#]} 31. Qh5 h6 (31... a5 $142 32. Ng4 Qd6) 32. h4 Rcd8 $2 (32... a5 33. Ng4 Qa6) 33. Ng4 {[%emt 0:02:04] White is clearly winning.} Qd6 {[%emt 0:00:01] [#]} 34. f6 $1 {[%emt 0:00:12][%cal Og4h6][%mdl 512] Intending Nxh6+! and mate.} Qf4 (34... Rxe3 35. Rxe3) 35. fxg7 Rxe3 36. Rxe3 {[%emt 0:00:53] White wants to mate with Rf3.} Rb8 {[%emt 0:00:02] ( -> ...Rb1+)} 37. Nxh6+ Kxg7 {[%emt 0:00:01] [#]} 38. Rg3+ $3 {[%emt 0:00:23][%mdl 512] Weighted Error Value: White=0.12 (very precise) /Black=0.33.  Mistake:       	White=1     	Black=5      Inaccurate:     	White=2     	Black=4      OK:         	White=10    	Black=9      Best:        	White=3     	Black=1      Brilliant:      	White=1     	---} 1-0

[Event "45th FIDE Olympiad 2024"]
[Site "Budapest"]
[Date "2024.09.15"]
[Round "5.15"]
[White "Marochkina, Nadezhda Valerevna"]
[Black "Volcimus, Ritchy David"]
[Result "1-0"]
[ECO "E11"]
[WhiteElo "1792"]
[BlackElo "1948"]
[PlyCount "69"]
[EventDate "2024.09.05"]
[EventType "team-tourn"]
[EventCountry "HUN"]
[WhiteTeam "Senegal"]
[BlackTeam "Haiti"]
[WhiteTeamCountry "SEN"]
[BlackTeamCountry "HAI"]
[TimeControl "40/5400+30:1800+30"]

1. d4 Nf6 2. c4 e6 3. Nf3 Bb4+ 4. Bd2 Be7 5. g3 d5 6. Bg2 c6 7. e3 Nbd7 8. b3 O-O 9. O-O b6 10. Bc3 Ne4 11. Bb2 Ba6 12. Nbd2 f5 13. Qc1 Rc8 14. Re1 g5 15. Ba3 c5 16. Qb2 g4 17. Ne5 Nxd2 18. Nxd7 Nxc4 19. bxc4 Qxd7 20. cxd5 exd5 21. dxc5 Bxc5 22. Rad1 Bc4 23. Qc3 Bxa3 24. Qxa3 Rc5 25. Qb2 Qg7 26. Rd4 Bd3 27. Rd1 Be4 28. Qa3 Bxg2 29. Kxg2 Rd8 30. e4 fxe4 31. Rxe4 d4 32. Qb3+ Kh8 33. Rdxd4 Qxd4 34. Rxd4 Rxd4 35. Qf7 1-0

[Event "45th FIDE Olympiad 2024"]
[Site "Budapest"]
[Date "2024.09.15"]
[Round "5.16"]
[White "Gumularz, Szymon"]
[Black "Tran, Tuan Minh"]
[Result "1-0"]
[ECO "A20"]
[WhiteElo "2571"]
[BlackElo "2434"]
[Annotator "TA"]
[PlyCount "61"]
[EventDate "2024.09.05"]
[EventType "team-tourn"]
[EventCountry "HUN"]
[SourceTitle "playchess.com"]
[Source "ChessBase"]
[SourceQuality "1"]
[WhiteTeam "Poland"]
[BlackTeam "Vietnam"]
[WhiteTeamCountry "POL"]
[BlackTeamCountry "VIE"]
[TimeControl "40/5400+30:1800+30"]

1. c4 e5 2. g3 Nf6 3. Bg2 c6 4. Nf3 e4 5. Nd4 Qb6 6. Nb3 a5 {[%emt 0:01:10][%cal Ba7a5,Ba5a4][%mdl 32] Threatens to win with ...a4.} 7. d3 Bb4+ 8. Nc3 {[%emt 0:05:52] White is slightly better.} a4 9. Be3 c5 (9... Qa6 $11 10. Nd2 exd3) 10. Nd2 $16 a3 11. Rb1 {[%emt 0:10:23] And now bxa3 would win.} (11. dxe4 $2 axb2 12. Nb5 bxa1=B $19 (12... bxa1=R $2 13. Qxa1 O-O 14. a3 $19) (12... bxa1=N $2 13. e5 $19)) (11. Ncxe4 $6 Nxe4 12. Bxe4 axb2 $14) (11. Ndxe4 $2 axb2 12. O-O bxa1=R $19 (12... bxa1=Q $2 13. Qxa1 O-O 14. Nb5 $19) (12... bxa1=B $2 13. Nxf6+ Qxf6 14. Nd5 $19)) 11... exd3 {[%emt 0:08:02] [#]} (11... axb2 $16 {might work better.} 12. Rxb2 exd3) 12. bxa3 $1 $18 (12. exd3 $6 O-O $16) 12... Rxa3 13. Nb5 Qa5 14. Nxa3 Qxa3 15. O-O dxe2 16. Qxe2 O-O 17. Ne4 Nxe4 18. Bxe4 Nc6 19. Rb3 Qa4 20. Qc2 h6 {[%emt 0:03:02] [#]} 21. a3 $1 Ba5 22. Bxc5 d6 23. Be3 (23. Bxd6 Nd4 24. Qd3 Nxb3 $14) 23... Ne5 24. Rc1 (24. Bxb7 $2 {perishes.} Bxb7 (24... Nxc4 25. Bxc8 Rxc8 26. Rfb1 $16) 25. Rd1 Nf3+ (25... Nxc4 $2 26. Rd4 $19) 26. Kf1 Nxh2+ 27. Kg1 Nf3+ 28. Kf1 Ba6 $19) 24... Be6 25. Rxb7 ({But not} 25. Bxb7 $6 Bxc4 26. Rb2 Qxa3 $16) 25... Qxa3 26. Bd5 Bxd5 27. cxd5 Nf3+ 28. Kh1 Bd8 29. Kg2 Qa8 $2 (29... Ne5 30. Qb3 Qxb3 31. Rxb3 Bf6) 30. Qb3 Ne5 31. Ra7 {[%emt 0:00:09] Black got outplayed after the opening.   Weighted Error Value: White=0.03 (flawless) /Black=0.24 (precise) .  Mistake:       	---       	Black=3      Inaccurate:     	---       	Black=1      OK:         	White=13    	Black=7      Best:        	White=4     	Black=3      Strong:       	White=1     	---} 1-0

[Event "45th FIDE Olympiad 2024"]
[Site "Budapest"]
[Date "2024.09.15"]
[Round "5.16"]
[White "Guillaume, Jude Mirvens"]
[Black "Cisse, Amadou Lamine"]
[Result "1/2-1/2"]
[ECO "D02"]
[WhiteElo "1956"]
[BlackElo "1948"]
[PlyCount "145"]
[EventDate "2024.09.05"]
[EventType "team-tourn"]
[EventCountry "HUN"]
[WhiteTeam "Haiti"]
[WhiteTeamCountry "HAI"]
[TimeControl "40/5400+30:1800+30"]

1. d4 d5 2. Bf4 c5 3. c3 Nc6 4. Nf3 Nf6 5. h3 e6 6. e3 Qb6 7. Qc2 Bd7 8. Nbd2 Rc8 9. Qb3 Qxb3 10. axb3 a6 11. Be2 cxd4 12. exd4 Be7 13. Ne5 Nxe5 14. dxe5 Ng8 15. b4 Bc6 16. O-O h5 17. Nb3 Bd8 18. Be3 Ne7 19. Bd3 Nf5 20. Bc5 Bc7 21. Bxf5 exf5 22. f4 Bd7 23. Rae1 b6 24. Bd6 Bxd6 25. exd6+ Be6 26. Nd4 Kd7 27. Ra1 Ra8 28. Ra3 Ra7 29. Re1 Rha8 30. Rea1 Kc8 31. Nc6 Rd7 32. Ne5 Rxd6 33. Rxa6 Rxa6 34. Rxa6 Kb7 35. Ra1 Rd8 36. Kf2 Rc8 37. Ke3 d4+ 38. Kxd4 f6 39. Nf3 Rc4+ 40. Ke3 Re4+ 41. Kf2 Rxf4 42. Re1 Re4 43. Nd4 Bd5 44. g3 f4 45. Rxe4 fxg3+ 46. Kxg3 Bxe4 47. Kf4 Bd3 48. h4 g6 49. Ke3 Bb1 50. Ne6 Kc6 51. c4 Kd6 52. Nf4 Ke5 53. c5 bxc5 54. bxc5 g5 55. hxg5 fxg5 56. Nxh5 Kd5 57. b4 Bf5 58. Ng3 Bd7 59. Ne4 Kc4 60. Nxg5 Kxb4 61. Kd4 Bc6 62. Ne6 Bg2 63. Nf4 Bc6 64. Nd3+ Kb5 65. Ke5 Bb7 66. Kd6 Be4 67. Nf4 Bb7 68. Nd5 Kc4 69. Nc7 Be4 70. Ne6 Kb5 71. Nf4 Kc4 72. Nh5 Bb7 73. Nf6 1/2-1/2

[Event "45th FIDE Olympiad 2024"]
[Site "Budapest"]
[Date "2024.09.15"]
[Round "5.17"]
[White "Yilmaz, Mustafa"]
[Black "Carlsen, Magnus"]
[Result "1/2-1/2"]
[ECO "D52"]
[WhiteElo "2587"]
[BlackElo "2832"]
[Annotator "TA"]
[PlyCount "107"]
[EventDate "2024.09.05"]
[EventType "team-tourn"]
[EventCountry "HUN"]
[SourceTitle "playchess.com"]
[Source "ChessBase"]
[SourceQuality "1"]
[WhiteTeam "Turkiye"]
[BlackTeam "Norway"]
[BlackTeamCountry "NOR"]
[TimeControl "40/5400+30:1800+30"]

1. d4 Nf6 2. c4 e6 3. Nf3 d5 4. Nc3 Nbd7 5. cxd5 exd5 6. Bg5 c6 7. e3 Qa5 8. Bd3 Ne4 9. Qc2 Nxg5 10. Nxg5 h6 11. Nf3 Bd6 12. O-O Nf6 13. Rae1 O-O 14. Ne5 a6 15. f4 c5 16. Qf2 b5 17. Bb1 ({White should play} 17. e4 $14) 17... Bb7 18. g4 {[%emt 0:04:21] [#] And now g5 would win.} Qc7 19. h4 Ne4 20. Nxe4 dxe4 21. g5 f6 22. gxf6 gxf6 ({Better is} 22... Rxf6 $11 23. Qg2 cxd4) 23. Qg2+ $14 Qg7 24. dxc5 Bxe5 (24... fxe5 $14 25. cxd6 exf4) 25. fxe5 $16 fxe5 26. Rxf8+ Rxf8 27. Rd1 {[%emt 0:00:56] Strongly threatening Rd6.} b4 (27... Rf3 $142 28. Rd7 Rg3 (28... Qxg2+ $2 29. Kxg2 Rf7 30. Rd6 $18) 29. Rxg7+ Rxg7) 28. Rd6 {[%emt 0:03:16][%cal Od6g6] [#] Rg6! would now be deadly.} Qxg2+ 29. Kxg2 {[%emt 0:00:01][%cal Oc5c6][%mdl 4096] Endgame. Black must now prevent c6! KRB-KRB} Rc8 30. Rb6 {[%emt 0:01:55] White is more active.} (30. Rxh6 Rxc5 31. Rb6 Bd5 $14) (30. h5 $16) 30... Bd5 $14 31. Rxb4 Rxc5 32. Bxe4 Bxa2 33. Ra4 Bf7 34. Rxa6 Rb5 35. Rxh6 Rxb2+ 36. Kf3 Rb4 37. Bf5 Kg7 38. Rh7+ Kf6 39. e4 Rb1 40. Rh6+ Kg7 41. Rh7+ Kg8 42. Rh6 Kg7 43. Rd6 Bh5+ 44. Kg3 Rb3+ 45. Kf2 Rf3+ {[%emt 0:00:00] The position is equal.} 46. Kg2 {[%emt 0:00:00] aiming for Rd7+.} Rf4 47. Kg3 Rf3+ 48. Kh2 Rf2+ 49. Kg1 Rf4 50. Rd7+ Kf6 51. Rd6+ Kf7 52. Rd7+ Kf6 53. Rd6+ Kf7 54. Rd7+ {[%emt 0:00:00] Weighted Error Value: White=0.10 (very precise) /Black=0.12 (very precise) .  Mistake:       	White=2     	Black=3      Inaccurate:     	White=3     	Black=2      OK:         	White=16    	Black=20     Best:        	---       	Black=3} 1/2-1/2

[Event "45th FIDE Olympiad 2024"]
[Site "Budapest"]
[Date "2024.09.15"]
[Round "5.17"]
[White "Blackman, Justin"]
[Black "Gontcharov, Serguei"]
[Result "1-0"]
[ECO "D00"]
[WhiteElo "2265"]
[BlackElo "1927"]
[PlyCount "51"]
[EventDate "2024.09.05"]
[EventType "team-tourn"]
[EventCountry "HUN"]
[WhiteTeam "Barbados"]
[BlackTeam "Bermuda"]
[WhiteTeamCountry "BAR"]
[BlackTeamCountry "BER"]
[TimeControl "40/5400+30:1800+30"]

1. d4 d5 2. Bf4 Nf6 3. e3 c5 4. c3 Nc6 5. Bd3 Qb6 6. b3 Bg4 7. Nf3 Nh5 8. Bg5 h6 9. Bh4 g5 10. h3 Bd7 11. Ne5 Nxe5 12. dxe5 Ng7 13. Bg3 d4 14. O-O Ne6 15. Na3 Bg7 16. f4 gxf4 17. exf4 dxc3 18. f5 Nd4 19. e6 Nxe6 20. fxe6 Bxe6 21. Bb5+ Kf8 22. Qe2 Rd8 23. Nc4 Qxb5 24. Qxe6 Bf6 25. Rxf6 exf6 26. Qxf6 1-0

[Event "45th FIDE Olympiad 2024"]
[Site "Budapest"]
[Date "2024.09.15"]
[Round "5.18"]
[White "Christiansen, Johan-Sebastian"]
[Black "Gurel, Ediz"]
[Result "1/2-1/2"]
[ECO "A14"]
[WhiteElo "2661"]
[BlackElo "2602"]
[Annotator "TA"]
[PlyCount "55"]
[EventDate "2024.09.05"]
[EventType "team-tourn"]
[EventCountry "HUN"]
[SourceTitle "playchess.com"]
[Source "ChessBase"]
[SourceQuality "1"]
[WhiteTeam "Norway"]
[BlackTeam "Turkiye"]
[WhiteTeamCountry "NOR"]
[TimeControl "40/5400+30:1800+30"]

1. Nf3 d5 2. c4 e6 3. g3 Nf6 4. Bg2 Be7 5. O-O O-O 6. d3 c5 7. Ne5 Bd6 8. f4 Bxe5 9. fxe5 Ng4 10. Bf4 d4 11. Nd2 Ne3 (11... Nd7 $14) 12. Bxe3 $16 dxe3 13. Nf3 Nc6 14. Qc1 Nd4 15. Nxd4 ({Don't play} 15. Qxe3 Nc2 16. Qxc5 Nxa1 $11) 15... cxd4 16. Rf4 (16. c5 $1 $16) 16... g5 (16... f5 $11 {keeps the balance.}) 17. Rf6 Qc7 18. Qf1 $1 {[%emt 0:00:12] Threatens to win with Be4.} Qxe5 {[%emt 0:00:07] [#] ...Kg7 is the strong threat.} 19. Qf3 $1 {[%emt 0:00:16] aiming for Rf1.} h5 {[%emt 0:01:17] [#]} 20. h3 ({Of course not} 20. Rf1 $6 g4 21. Qf4 (21. Rg6+ $2 Kh7 $19) 21... Qxf4 22. R6xf4 e5 $11) (20. Bh3 $1 $16 {[%cal Oa1f1] And now Rf1! would win.} Bd7 21. Rf1) 20... Bd7 $11 {[%emt 0:00:32] Hoping for ...Bc6.} 21. Rf1 Bc6 22. Qxh5 {[%emt 0:00:15][%cal Of1f4] White wants to mate with R1f4!} Qxg3 23. Rxe6 $2 fxe6 $2 (23... Qxg2# {mates}) 24. Qg6+ {[%emt 0:02:37] The position is equal.} Kh8 25. Qh6+ Kg8 26. Qg6+ Kh8 27. Qh6+ Kg8 28. Qg6+ {[%emt 0:00:04] Weighted Error Value: White=0.36/Black=0.48.  Loses game:     	White=1     	---        Missed win:     	---       	Black=1      Mistake:       	White=2     	Black=2      Inaccurate:     	---       	Black=1      OK:         	White=8     	Black=4      Best:        	White=3     	Black=4      Strong:       	White=2     	---} 1/2-1/2

[Event "45th FIDE Olympiad 2024"]
[Site "Budapest"]
[Date "2024.09.15"]
[Round "5.18"]
[White "Dacres, Don"]
[Black "Corbin, Philip"]
[Result "0-1"]
[ECO "B22"]
[WhiteElo "1863"]
[BlackElo "1916"]
[PlyCount "92"]
[EventDate "2024.09.05"]
[EventType "team-tourn"]
[EventCountry "HUN"]
[WhiteTeam "Bermuda"]
[BlackTeam "Barbados"]
[WhiteTeamCountry "BER"]
[BlackTeamCountry "BAR"]
[TimeControl "40/5400+30:1800+30"]

1. e4 c5 2. Nf3 Nc6 3. c3 Nf6 4. e5 Nd5 5. d4 cxd4 6. cxd4 g6 7. Nc3 Nxc3 8. bxc3 Bg7 9. Be2 O-O 10. O-O d5 11. a4 Qc7 12. h3 Na5 13. Ra3 Bd7 14. Bb5 Nc4 15. Rb3 Rfb8 16. Nd2 Na5 17. Ra3 a6 18. Bxd7 Qxd7 19. f4 e6 20. Ra2 Rc8 21. Rf3 Bf8 22. Ba3 Bxa3 23. Rxa3 Nc4 24. Nxc4 Rxc4 25. Kf1 Rac8 26. Rd3 Qe7 27. Qb3 b5 28. axb5 axb5 29. g3 b4 30. cxb4 Rxb4 31. Qd1 Rxd4 32. Qa1 Rxd3 33. Rxd3 Qc5 34. Ra3 Qc4+ 35. Kg1 Kg7 36. Ra8 Rc5 37. Qa3 d4 38. Ra4 Qc2 39. Rxd4 Qb1+ 40. Kf2 Rc2+ 41. Kf3 Qf1+ 42. Kg4 Rh2 43. Rd8 Qe2+ 44. Qf3 h5+ 45. Kg5 Qxf3 46. g4 Rxh3 {0-} 0-1

[Event "45th FIDE Olympiad 2024"]
[Site "Budapest"]
[Date "2024.09.15"]
[Round "5.19"]
[White "Erdogmus, Yagiz Kaan"]
[Black "Tari, Aryan"]
[Result "0-1"]
[ECO "C54"]
[WhiteElo "2592"]
[BlackElo "2642"]
[Annotator "TA"]
[PlyCount "114"]
[EventDate "2024.09.05"]
[EventType "team-tourn"]
[EventCountry "HUN"]
[SourceTitle "playchess.com"]
[Source "ChessBase"]
[SourceQuality "1"]
[WhiteTeam "Turkiye"]
[BlackTeam "Norway"]
[BlackTeamCountry "NOR"]
[TimeControl "40/5400+30:1800+30"]

1. e4 e5 2. Nf3 Nc6 3. Bc4 Nf6 4. d3 Bc5 5. c3 d6 6. O-O a5 {[%emt 0:00:41] C54: Giuoco Piano: 4 c3 Nf6, main lines with 5 d4 and 5 d3.} 7. Re1 Ba7 8. Nbd2 Be6 $5 {[%emt 0:02:15][%mdl 4] An interesting side line.} 9. Bb5 O-O 10. h3 Ne7 11. d4 Ng6 12. Nf1 exd4 13. cxd4 d5 14. e5 Ne4 15. Ng3 Nh4 16. Nxh4 Qxh4 17. Nxe4 dxe4 18. g3 $146 ({Predecessor:} 18. Be3 Rad8 19. Qa4 c6 20. Bf1 Rd5 21. Rad1 f5 22. exf6 Qxf6 23. Bc4 b5 24. Qxa5 bxc4 25. Qxa7 {0-1 Fitzsimons,D (2342)-Makkar,R (2426) London Mindsports IM-A 2023 (3)}) 18... Qxh3 19. Rxe4 Bd5 20. Bf1 Qe6 21. Rh4 f5 22. Qh5 Qg6 23. Qxg6 hxg6 24. Bg2 Bxg2 25. Kxg2 Rad8 26. Be3 Rd5 27. Rc1 c6 28. Rc4 Kf7 29. Bg5 Rc8 30. a4 Rc7 31. b4 axb4 32. Rxb4 Rcd7 33. Be3 g5 34. Bxg5 Bxd4 35. f4 Bc5 36. Rb2 Rd2+ 37. Rxd2 Rxd2+ 38. Kf1 Rf2+ 39. Ke1 Ra2 40. Rh8 Rxa4 41. Rc8 Ke6 42. Rc7 b5 43. Rxc6+ Kd5 44. Rc8 $2 (44. Rc7 $17 {was the only defense.}) 44... b4 $1 $19 45. Kd2 $2 (45. Rb8) 45... Ra2+ $19 46. Kd3 Ra3+ 47. Kd2 {[%emt 0:00:00] [#]} Be3+ $1 (47... Rxg3 48. e6 Rc3 (48... Be3+ 49. Ke2 $14) 49. Re8 $17) 48. Kc2 Bd4 49. Rd8+ (49. Rb8 $142 Rc3+ (49... Rxg3 50. Rxb4 Bxe5 51. Rb5+ Kd4 52. fxe5 $11) 50. Kd1) 49... Ke4 $19 50. Rb8 Rc3+ (50... Rxg3 51. e6 $17) 51. Kd2 Be3+ (51... Rxg3 52. Rxb4 Rg2+ 53. Ke1 $11) 52. Ke2 Rc2+ 53. Kd1 Rd2+ 54. Ke1 {[%emt 0:00:06] [#]} Rb2 $1 55. Be7 Kf3 56. Rd8 b3 57. Ba3 Rh2 0-1

[Event "45th FIDE Olympiad 2024"]
[Site "Budapest"]
[Date "2024.09.15"]
[Round "5.19"]
[White "Edwards, Emar"]
[Black "Gontcharov, Dimitri"]
[Result "1-0"]
[ECO "B82"]
[WhiteElo "1898"]
[BlackElo "1653"]
[PlyCount "63"]
[EventDate "2024.09.05"]
[EventType "team-tourn"]
[EventCountry "HUN"]
[WhiteTeam "Barbados"]
[BlackTeam "Bermuda"]
[WhiteTeamCountry "BAR"]
[BlackTeamCountry "BER"]
[TimeControl "40/5400+30:1800+30"]

1. e4 c5 2. Nf3 e6 3. d4 cxd4 4. Nxd4 a6 5. Bd3 Qc7 6. Nc3 Nf6 7. Qe2 d6 8. f4 Nbd7 9. g4 h6 10. Bd2 b5 11. a3 Bb7 12. g5 hxg5 13. fxg5 Nh5 14. g6 Ne5 15. gxf7+ Qxf7 16. O-O-O Nf4 17. Bxf4 Qxf4+ 18. Kb1 Nxd3 19. Rxd3 Qe5 20. Qg4 Rh6 21. Rf1 Be7 22. Nf3 Qf6 23. Qg1 O-O-O 24. Qa7 Rd7 25. e5 Bxf3 26. Qxd7+ Kxd7 27. exf6 Bxf6 28. Rdxf3 Rxh2 29. Ne4 Bd4 30. Rf7+ Kc6 31. Ng5 e5 32. Nf3 1-0

[Event "45th FIDE Olympiad 2024"]
[Site "Budapest"]
[Date "2024.09.15"]
[Round "5.20"]
[White "Urkedal, Frode Olav Olsen"]
[Black "Sanal, Vahap"]
[Result "1-0"]
[ECO "E17"]
[WhiteElo "2546"]
[BlackElo "2581"]
[Annotator "RC"]
[PlyCount "121"]
[EventDate "2024.09.05"]
[EventType "team-tourn"]
[EventCountry "HUN"]
[SourceTitle "playchess.com"]
[Source "ChessBase"]
[SourceQuality "1"]
[WhiteTeam "Norway"]
[BlackTeam "Turkiye"]
[WhiteTeamCountry "NOR"]
[TimeControl "40/5400+30:1800+30"]

1. d4 Nf6 2. c4 e6 3. Nf3 b6 4. g3 Bb7 5. Bg2 Be7 6. Nc3 Ne4 7. Bd2 d6 8. d5 Nxd2 9. Nxd2 Nd7 10. f4 e5 11. f5 a6 12. Nde4 Nf6 13. O-O Bc8 14. b4 a5 15. b5 Bd7 16. Qd2 Qc8 17. Nxf6+ Bxf6 18. Ne4 Qd8 19. a4 h6 20. Ra3 Qe7 21. c5 bxc5 22. Nxc5 e4 23. Nxe4 Be5 24. Raf3 Qd8 25. f6 g6 26. Nf2 Qb8 27. Nd3 Bd4+ 28. Kh1 Qa7 29. Nb2 Bc5 30. Nc4 Kf8 31. Rf4 Bb4 32. Qd3 Re8 33. Re4 Qb8 34. Rff4 Rxe4 35. Qxe4 Qd8 36. Qd4 Bf5 37. Be4 Bd7 38. Bf3 Bf5 39. Be4 Bd7 40. Bc2 Bc5 41. Qc3 Bb4 42. Qf3 h5 43. h4 Bg4 44. Qe3 Bc5 45. Qe4 Bb4 46. Qe3 Bc5 47. Qd3 Bb4 48. Ne3 Bc8 49. Nd1 Bf5 50. Qc4 Bd2 51. e3 Bg4 52. Qd4 Bb4 53. Nf2 Bc8 54. Ne4 Bf5 55. Bd3 Qe8 56. Qa7 Qd8 57. Qd4 Qe8 58. Kh2 Kg8 59. Qc4 Qe5 60. Qxc7 Bxe4 61. Bxe4 1-0

[Event "45th FIDE Olympiad 2024"]
[Site "Budapest"]
[Date "2024.09.15"]
[Round "5.20"]
[White "Dennis, Nathan"]
[Black "Depradine, Lawrence"]
[Result "0-1"]
[ECO "E12"]
[WhiteElo "1828"]
[BlackElo "1782"]
[PlyCount "116"]
[EventDate "2024.09.05"]
[EventType "team-tourn"]
[EventCountry "HUN"]
[WhiteTeam "Bermuda"]
[BlackTeam "Barbados"]
[WhiteTeamCountry "BER"]
[BlackTeamCountry "BAR"]
[TimeControl "40/5400+30:1800+30"]

1. d4 Nf6 2. Nf3 b6 3. c4 e6 4. Nc3 Bb4 5. Bg5 Bb7 6. e3 O-O 7. Be2 d6 8. O-O Bxc3 9. bxc3 Nbd7 10. Nd2 c5 11. Rc1 Qc7 12. f4 Rae8 13. Bf3 Qb8 14. Qc2 Qa8 15. Bxb7 Qxb7 16. Rf3 d5 17. Rg3 Kh8 18. Rh3 Ne4 19. Nxe4 dxe4 20. Qf2 f5 21. Qh4 Nf6 22. Bxf6 gxf6 23. Rd1 Qf7 24. a4 Rc8 25. Rc1 Rc7 26. Qf2 Rfc8 27. Qa2 Rc6 28. Qb3 Qc7 29. d5 Rd6 30. Rd1 Rcd8 31. Qb5 Qd7 32. Qa6 exd5 33. cxd5 Rxd5 34. Rxd5 Qxd5 35. Qe2 Qd1+ 36. Qxd1 Rxd1+ 37. Kf2 Rc1 38. Rh5 Rxc3 39. a5 b5 40. Rxf5 Kg7 41. Rd5 Rc2+ 42. Kg3 Ra2 43. Rd7+ Kg6 44. Rxa7 b4 45. a6 b3 46. Rb7 c4 47. a7 Rxa7 48. Rxa7 c3 49. Ra3 c2 50. Rxb3 c1=Q 51. h3 Qg1 52. h4 h5 53. Ra3 Qc1 54. Rb3 Qd1 55. Rb8 Qg4+ 56. Kf2 Qxh4+ 57. Kf1 Qh1+ 58. Kf2 Qc1 {0-} 0-1

[Event "45th FIDE Olympiad 2024"]
[Site "Budapest"]
[Date "2024.09.15"]
[Round "5.21"]
[White "Maghsoodloo, Parham"]
[Black "Rodrigue-Lemieux, Shawn"]
[Result "1-0"]
[ECO "A18"]
[WhiteElo "2723"]
[BlackElo "2509"]
[Annotator "TA"]
[PlyCount "79"]
[EventDate "2024.09.05"]
[EventType "team-tourn"]
[EventCountry "HUN"]
[SourceTitle "playchess.com"]
[Source "ChessBase"]
[SourceQuality "1"]
[WhiteTeam "Iran"]
[BlackTeam "Canada"]
[WhiteTeamCountry "IRI"]
[BlackTeamCountry "CAN"]
[TimeControl "40/5400+30:1800+30"]

1. c4 Nf6 2. Nc3 e6 3. e4 d5 4. cxd5 exd5 5. e5 d4 6. exf6 dxc3 7. fxg7 cxd2+ 8. Bxd2 Bxg7 9. Bc4 O-O 10. Ne2 {[%emt 0:01:28] The position is equal.} Nc6 11. O-O Bf5 {[%emt 0:09:28] Wards off Qc2} 12. Qc1 Ne5 {[%emt 0:07:10] And now ...Nxc4 would win.} 13. Bg5 (13. Bc3 $1 $14) 13... Qd6 $11 14. Ng3 Bg6 15. Rd1 Qb6 16. Be3 Qc6 17. Be2 Qxc1 18. Raxc1 (18. Rdxc1 Nc6 $11) 18... Nc6 19. h4 $36 {[%emt 0:06:01][%cal Bh2h4,Bh4h5][%mdl 2080] h5 is the strong threat. White fights for an advantage.} h6 (19... Rad8 $14 {might be stronger.}) 20. h5 $16 {[%emt 0:02:17] White is more active.} Bh7 {[%emt 0:00:44] [#]} 21. b4 $1 a6 (21... Rfd8 22. Bf3) 22. a4 Rfd8 {[%emt 0:05:23] [#]} 23. Rxd8+ $1 Rxd8 24. Bxa6 $1 Bb2 (24... Nxb4 $16 25. Bxb7 Nc2) 25. Rc5 $18 (25. Bxb7 Bxc1 (25... Nxb4 $2 26. Rc4 $18) 26. Bxc6 Rd1+ 27. Kh2 Bxe3 28. fxe3 Rc1 $17) 25... Rd1+ 26. Kh2 Nxb4 27. Bxb7 {[%emt 0:03:05][%cal Oa4a5] Strongly threatening a5!} Ra1 $2 (27... Bd4) 28. Rxc7 ({Weaker is} 28. Bxh6 Rxa4 29. Rxc7 Bd3 30. Rc8+ Kh7 $18) 28... Kg7 29. Rc4 Nd3 30. Rg4+ Kh8 31. Rc4 $2 ({Less strong is} 31. Bxh6 Be5 $16) (31. f3 $18) 31... Ne5 $2 (31... Kg7 $1 $11 {and Black stays safe.} 32. f4 Kg8) 32. Rh4 Kg7 33. Bc8 Bc2 34. Nf5+ Kh7 35. Nxh6 Bxa4 $2 (35... Rxa4 36. Bf5+ Kg7) 36. Bf5+ {[%emt 0:00:19] White is clearly winning.} Kg7 37. Rh3 {[%emt 0:00:27] Rg3+ would now be deadly.} Kf6 38. Rg3 {[%emt 0:00:18] aiming for Bg5+.} Bc1 39. f4 Nc6 {[%emt 0:00:34] [#]} 40. Rg5 $1 {[%emt 0:00:22] Weighted Error Value: White=0.17 (very precise) /Black=0.45.  Loses game:     	---       	Black=1      Missed win:     	White=1     	---        Mistake:       	White=1     	Black=4      Inaccurate:     	---       	Black=3      OK:         	White=16    	Black=10     Best:        	White=3     	Black=2      Strong:       	White=2     	---} 1-0

[Event "45th FIDE Olympiad 2024"]
[Site "Budapest"]
[Date "2024.09.15"]
[Round "5.21"]
[White "Than, Min Hlaing"]
[Black "Alrehaili, Ahmed Abdullah S"]
[Result "0-1"]
[ECO "E94"]
[WhiteElo "2121"]
[BlackElo "2117"]
[PlyCount "100"]
[EventDate "2024.09.05"]
[EventType "team-tourn"]
[EventCountry "HUN"]
[WhiteTeam "Myanmar"]
[BlackTeam "Saudi Arabia"]
[WhiteTeamCountry "MYA"]
[BlackTeamCountry "SAU"]
[TimeControl "40/5400+30:1800+30"]

1. Nf3 Nf6 2. c4 g6 3. Nc3 Bg7 4. e4 d6 5. d4 O-O 6. Be2 Nbd7 7. O-O e5 8. Be3 Qe7 9. d5 c5 10. dxc6 bxc6 11. Qd2 Nc5 12. Bg5 Bg4 13. h3 Bxf3 14. Bxf3 a5 15. Rfe1 Ne6 16. Be3 Nd7 17. Bd1 Ndc5 18. f3 Rfb8 19. Na4 Rb4 20. Nxc5 dxc5 21. a3 Rbb8 22. Ba4 Rd8 23. Qf2 Rac8 24. Red1 Rd4 25. b3 h5 26. Qe1 Rcd8 27. Bxc6 Rd3 28. Rab1 Rxe3 29. Qxe3 Rd4 30. Bd5 Nf4 31. Rxd4 Qg5 32. Qd2 exd4 33. Kf1 d3 34. e5 Bxe5 35. Re1 Bd4 36. Re4 Qxg2+ 37. Qxg2 Nxg2 38. Rxd4 Ne3+ 39. Kf2 cxd4 40. Ke1 g5 41. Kd2 Nxd5 42. cxd5 f5 43. b4 axb4 44. a4 b3 45. Kxd3 g4 46. fxg4 f4 47. a5 b2 48. Kc2 f3 49. a6 f2 50. a7 b1=Q+ {0-} 0-1